 Dungeon Crawl Stone Soup version 0.26-a0-466-g989023bd0d (webtiles) character file.

Game seed: 6550898986435429480

2850 KristoblXynda the Basher (level 9, -7/54 HPs)
             Began as a Gargoyle Gladiator on July 30, 2020.
             Was a Follower of Ashenzari.
             Mangled by an orc warrior
             ... wielding a +0 halberd
              (21 damage)
             ... in a bailey.
             The game lasted 00:12:28 (7804 turns).

KristoblXynda the Basher (Gargoyle Gladiator)       Turns: 7804, Time: 00:12:29

Health: -7/54      AC: 21    Str: 18    XL:     9   Next: 74%
Magic:  9/9        EV:  9    Int: 12    God:    Ashenzari [*.....]
Gold:   49         SH:  4    Dex: 11    Spells: 8/8 levels left

rFire    . . .     SeeInvis .   x - +4 flail (curse)
rCold    . . .     Faith    .   r - +0 buckler
rNeg     + . .     Spirit   .   z - +1 chain mail {rPois}
rPois    ∞         Reflect  .   c - +1 helmet
rElec    +         Harm     .   s - +0 cloak
rCorr    .                      (no gloves)
MR       .....                  (no boots)
Stlth    ..........             h - amulet of the acrobat (curse)
HPRegen  0.18/turn              (no ring)
MPRegen  0.11/turn              (no ring)

@: no status effects
A: negative energy resistance 1, electricity resistance, unbreathing,
petrification resistance, rot immunity, AC +6
a: Curse Item, Scrying, Renounce Religion


You were in a bailey.
You worshipped Ashenzari.
Ashenzari was aware of your devotion.
You visited 1 branch of the dungeon, and saw 7 of its levels.
You also visited: Sewer and Bailey.

You collected 221 gold pieces.
You spent 172 gold pieces at shops.

Inventory:

Hand Weapons
 o - a +1 morningstar
 x - a cursed +4 flail (weapon)
Missiles
 d - 5 throwing nets (quivered)
Armour
 c - a +1 helmet (worn)
 r - a +0 buckler (worn)
 s - a +0 cloak (worn)
 z - a +1 chain mail of poison resistance (worn)
Jewellery
 h - a cursed amulet of the acrobat (around neck)
 j - an uncursed ring of ice
Wands
 y - a wand of acid (5)
Scrolls
 b - 3 scrolls of immolation {unknown}
 f - 2 scrolls of remove curse
 g - a scroll of magic mapping {unknown}
 i - 2 scrolls of amnesia
 l - a scroll of blinking
 n - a scroll of enchant weapon
 t - a scroll of noise {unknown}
Potions
 a - 3 potions of flight
 e - a potion of curing
 k - 2 potions of haste
 m - 2 potions of mutation
 p - 2 potions of stabbing
 u - a potion of magic {unknown}


   Skills:
 + Level 5.3 Fighting
 + Level 8.3 Maces & Flails
 - Level 1.7 Throwing
 + Level 7.6 Armour
 - Level 5.1 Dodging
 + Level 3.8 Shields


You had 8 spell levels left.
You didn't know any spells.
Your spell library contained the following spells:

 Spells                   Type           Power        Failure   Level
 Animate Skeleton         Necr           #.....       98%         1
 Apportation              Tloc           #.....       98%         1
 Corona                   Hex            #......      98%         1
 Magic Dart               Conj           #...         98%         1
 Summon Small Mammal      Summ           #...         98%         1
 Call Imp                 Summ           #.......     99%         2
 Searing Ray              Conj           #.....       99%         2
 Call Canine Familiar     Summ           #.......     100%        3
 Confusing Touch          Hex            #.......     100%        3
 Dazzling Flash           Conj/Hex       #.....       100%        3
 Gell's Gravitas          Tloc           #.........   100%        3
 Summon Guardian Golem    Hex/Summ       #.......     100%        3
 Fulminant Prism          Conj/Hex       #.........   100%        4
 Iskenderun's Mystic Bla  Conj/Tloc      #.......     100%        4
 Petrify                  Tmut/Erth      #.......     100%        4
 Summon Ice Beast         Ice/Summ       #.......     100%        4
 Summon Lightning Spire   Summ/Air       #.......     100%        4
 Metabolic Englaciation   Hex/Ice        #.........   100%        5
 Yara's Violent Unravell  Hex/Tmut       #.........   100%        5


Dungeon Overview and Level Annotations

Branches:
Dungeon (7/15)             Temple (0/1) D:5           Sewer (visited)
 Bailey (1/1)

Altars:
Ashenzari
Elyvilon
Fedhas
Hepliaklqana
Nemelex Xobeh
Okawaru
Vehumet
Xom
Yredelemnul
The Shining One

Shops:
D:7 [

Annotations:
D:4 1 runed translucent door, Grinder


Innate Abilities, Weirdness & Mutations

You are resistant to torment.
Your stone body is resilient. (AC +6)
You are immune to poison.
You resist negative energy. (rN+)
You are resistant to electric shocks. (rElec)
You can survive without breathing.
You are immune to petrification.
You are immune to rotting.


Message History

The orc warrior shoots a bolt.
The bolt completely misses you.
You sock the orc warrior!
The orc warrior is heavily wounded.
The orc warrior closely misses you.
The orc warrior shoots a bolt.
The bolt hits you!
* * * LOW HITPOINT WARNING * * *
You block the orc warrior's attack.
You see here 3 bolts.
You feel much better.
The orc warrior hits you with a +0 halberd!
You hit the orc warrior.
The orc warrior is heavily wounded.
The orc warrior shoots a bolt.
The bolt barely misses you.
The orc warrior hits you but does no damage.
You barely miss the orc warrior.
The orc warrior is heavily wounded.
The orc warrior shoots a bolt.
The bolt hits you.
* * * LOW HITPOINT WARNING * * *
The orc warrior hits you with a +0 halberd!!
You die...

### #### ##∩##
####
....##@(.##....
≈≈≈..#o.)#..≈≈≈
≈o≈≈....(..≈≈o≈
.oo≈...(...≈oo.
≈o≈≈.......≈≈o≈
≈≈≈..#.(.#..≈≈≈
....##.∩.##....
#### ##∩## ####
###


You could see 2 orc warriors and 2 orcs.

Vanquished Creatures
  Sigmund (D:5)
  Edmund (D:5)
  Menkaure (D:7)
  The ghost of pentaxis93 the Sneak, an amateur OpCj (D:4)
  Duvessa (D:6)
  2 orc warriors
  A sky beast (D:5)
  3 centaurs
  2 ogres (D:5)
  A big kobold (Sewer)
  A gnoll sergeant (D:5)
  A water moccasin zombie (D:6)
  Dowan (D:6)
  5 wights (D:7)
  A howler monkey (D:5)
  2 jellies (D:6)
  2 electric eels (D:6)
  A centaur zombie (D:5)
  A hound (D:4)
  An orc priest (D:3)
  Crazy Yiuf (D:2)
  2 bullfrog skeletons
  Terence (D:2)
  Natasha (thrice) (D:2)
  2 orc wizards
  10 worker ants
  A hound skeleton (D:5)
  9 adders
  9 gnolls
  A white imp (D:3)
  An ooze (D:4)
  6 worms
  2 dart slugs
  3 leopard geckos
  14 orcs
  A ball python (D:3)
  10 bats
  10 giant cockroaches
  14 goblins
  2 hobgoblins (D:1)
  2 jackals (Sewer)
  11 kobolds
  2 quokkas
  5 frilled lizards
  A leopard gecko skeleton (D:6)
  19 rats
172 creatures vanquished.

Vanquished Creatures (others)
  A plant (D:6)
1 creature vanquished.

Grand Total: 173 creatures vanquished

Notes
Turn   | Place    | Note
-------+----------+-------------------------------------------
     0 | D:1      | KristoblXynda the Gargoyle Gladiator began the quest for
                  | the Orb.
     0 | D:1      | Reached XP level 1. HP: 12/12 MP: 1/1
    67 | D:1      | Reached XP level 2. HP: 17/17 MP: 2/2
   200 | D:1      | Reached skill level 1 in Armour
   375 | D:1      | Reached XP level 3. HP: 21/21 MP: 3/3
  1091 | D:2      | Found a runed translucent door.
  1092 | D:2      | Noticed Crazy Yiuf
  1340 | D:2      | Reached skill level 4 in Maces & Flails
  1340 | D:2      | Reached XP level 4. HP: 26/26 MP: 4/4
  1403 | D:2      | Noticed Terence
  1412 | D:2      | Killed Terence
  1581 | D:2      | Noticed Natasha
  1618 | D:2      | Killed Natasha
  1618 | D:2      | Reached XP level 5. HP: 15/30 MP: 5/5
  1873 | D:2      | Noticed Natasha
  1891 | D:2      | Killed Natasha
  2097 | D:2      | Noticed Natasha
  2108 | D:2      | Killed Natasha
  2248 | D:2      | Killed Crazy Yiuf
  2429 | D:3      | Reached skill level 5 in Maces & Flails
  2458 | D:3      | Found a shattered altar of Ashenzari.
  2586 | D:3      | Became a worshipper of Ashenzari the Shackled
  2843 | D:3      | Reached XP level 6. HP: 35/35 MP: 6/6
  3663 | D:3      | Found an iron altar of Okawaru.
  4078 | D:4      | Found a runed translucent door.
  4085 | D:4      | Noticed pentaxis93's ghost (amateur OpCj)
  4119 | D:4      | Killed pentaxis93's ghost
  4119 | D:4      | Reached XP level 7. HP: 27/40 MP: 7/7
  4128 | D:4      | Found a runed translucent door.
  4532 | D:4      | Reached * piety under Ashenzari
  4533 | D:4      | Found a white marble altar of Elyvilon.
  4542 | D:4      | Found a sparkling altar of Nemelex Xobeh.
  4542 | D:4      | Found a shimmering altar of Xom.
  4542 | D:4      | Found a glowing golden altar of the Shining One.
  4543 | D:4      | Found a blossoming altar of Fedhas.
  4556 | D:4      | Found a radiant altar of Vehumet.
  4559 | D:4      | Found a hazy altar of Hepliaklqana.
  4649 | D:4      | Noticed Grinder
  4657 | D:4      | Paralysed by Grinder for 7 turns
  4666 | D:4      | Paralysed by Grinder for 7 turns
  4705 | D:5      | Entered Level 5 of the Dungeon
  4711 | D:5      | Found a basalt altar of Yredelemnul.
  4728 | D:5      | Noticed Edmund
  4773 | D:5      | Killed Edmund
  4773 | D:5      | Reached skill level 6 in Maces & Flails
  4833 | D:5      | HP: 2/40 [sky beast (2)]
  4841 | D:5      | Reached skill level 5 in Armour
  4841 | D:5      | Reached XP level 8. HP: 17/44 MP: 8/8
  5018 | D:5      | Found a staircase to the Ecumenical Temple.
  5041 | D:5      | Found a glowing drain.
  5057 | D:5      | Reached skill level 5 in Dodging
  5094 | Sewer    | Entered a sewer
  5279 | Sewer    | Found a white marble altar of Elyvilon.
  5520 | D:5      | Reached skill level 7 in Maces & Flails
  5630 | D:5      | Noticed Sigmund
  5652 | D:5      | Killed Sigmund
  6290 | D:6      | Noticed Duvessa
  6291 | D:6      | Noticed Dowan
  6308 | D:6      | Killed Duvessa
  6308 | D:6      | Reached skill level 1 in Shields
  6308 | D:6      | Reached XP level 9. HP: 48/52 MP: 9/9
  6331 | D:6      | Killed Dowan
  7562 | D:7      | Reached skill level 8 in Maces & Flails
  7655 | D:7      | Found Iwkaiwi's Antique Armour Shoppe.
  7658 | D:7      | Reached skill level 5 in Fighting
  7664 | D:7      | Bought a glowing chain mail for 172 gold pieces
  7688 | D:7      | Noticed Menkaure
  7702 | D:7      | Killed Menkaure
  7717 | D:7      | Found a flagged portal.
  7782 | Bailey   | Entered a bailey
  7782 | Bailey   | Noticed an orc knight
  7804 | Bailey   | Mangled by an orc warrior

Illustrated notes

Levels and vault maps discovered:
D:1:      dpeg_arrival_boxorama, layout_basic, grunt_decor_mini_mirrors,
          chequers_mini_garden
D:2:      layout_basic, uniq_natasha, uniq_terence, uniq_crazy_yiuf_cottage
D:3:      layout_loops_corners, ashenzari_conservatory_becter,
          kennysheep_okawaru_gauntlet, kennysheep_nondescript,
          hangedman_decor_push, minmay_misc_feat_columns
D:4:      layout_loops_corners, minitemple, ebering_ghost_sewer_f, uniq_grinder
D:5:      layout_cave_pools, minmay_temple_entry_from_below_a,
          cheibrodos_sewer_entry_bend, basic_altar, uniq_edmund, uniq_sigmund
D:6:      layout_basic, serial_bayou_ford_a, uniq_duvessa
D:7:      layout_rooms, enter_bailey_3, serial_shops, kennysheep_mini,
          kennysheep_little_box, uniq_menkaure
Bailey:   bailey_polearm_4, bailey

Skill      XL: |  1  2  3  4  5  6  7  8  9 |
---------------+----------------------------+-----
Armour         | 1 2 3 5 6 7 |  7.6
Maces & Flails | 4 5 6 7 8 |  8.3
Dodging        | 3 4 5 |  5.1
Fighting       | 3 5 |  5.3
Shields        | 1 3 |  3.8
Throwing       | |  1.7

Action                   |  1- 3 |  4- 6 |  7- 9 || total
-------------------------+-------+-------+-------++-------
Melee: Flail             |   101 |   232 |   211 ||   544
       Morningstar       |       |       |   243 ||   243
       Dire flail        |       |       |     9 ||     9
       Unarmed           |       |       |     9 ||     9
Throw: Throwing net      |       |       |     2 ||     2
Invok: Curse Item        |       |       |     2 ||     2
  Use: Potion            |       |     3 |     5 ||     8
       Scroll            |       |     4 |     9 ||    13
Armor: Leather armour    |    42 |     6 |       ||    48
       Ring mail         |       |    76 |       ||    76
       Chain mail        |       |    56 |   305 ||   361
       Skin              |       |       |     1 ||     1
Dodge: Dodged            |    73 |   190 |   297 ||   560
Block: Buckler           |       |       |     1 ||     1

Table legend: (Time is in decaauts)
 A = Elapsed time spent in this place.
 B = Non-inter-level travel time spent in this place.
 C = Inter-level travel time spent in this place.
 D = Time resting spent in this place.
 E = Time spent auto-exploring this place.
 F = Levels seen in this place.
 G = Mean time per level.
                   A        B        C        D        E       F      G
               +--------+--------+--------+--------+--------+-----+--------+
         Total |   7941 |   7799 |    142 |   1270 |   4382 |   9 |  882.3 |
       Dungeon |   7623 |   7481 |    142 |   1183 |   4307 |   7 | 1089.0 |
         Sewer |    295 |    295 |      0 |     87 |     75 |   1 |  295.0 |
        Bailey |     21 |     21 |      0 |      0 |      0 |   1 |   21.0 |
               +--------+--------+--------+--------+--------+-----+--------+

Top non-repeatable levels by time:
     D:2: 1702 daAuts
     D:3: 1442 daAuts
     D:6: 1424 daAuts
     D:5: 1183 daAuts
     D:4: 875 daAuts
     D:1: 739 daAuts
   Sewer: 295 daAuts
     D:7: 255 daAuts
  Bailey: 21 daAuts
